 Dungeon Crawl Stone Soup version 0.30-a0-1085-g990a428a5c (webtiles) character file.

Game seed: 2079774914387363917

70 voltaire321 the Chopper (level 4, 37/40 HPs)
             Began as a Hill Orc Monk on Apr 16, 2023.
             Quit the game on level 2 of the Dungeon.
             The game lasted 00:02:40 (1227 turns).

voltaire321 the Chopper (Hill Orc Monk)             Turns: 1227, Time: 00:02:40

Health: 37/40      AC:  2    Str: 15    XL:     4   Next: 21%
Magic:  4/4        EV: 12    Int: 10    God:
Gold:   76         SH:  0    Dex: 13    Spells: 3/3 levels left

rFire   . . .      SeeInvis .    a - +0 hand axe
rCold   . . .      Faith    .    d - orb {light}
rNeg    . . .      Spirit   .    b - +0 robe
rPois   .          Reflect  .    (no helmet)
rElec   .          Rampage  .    (no cloak)
rCorr   .                        (no gloves)
Will    .....                    (no boots)
Stlth   +                        (no amulet)
HPRegen 0.26/turn                (no ring)
MPRegen 0.09/turn                (no ring)

@: glowing
A: no striking features
a: no special abilities


You were on level 2 of the Dungeon.
You visited 1 branch of the dungeon, and saw 2 of its levels.

You collected 76 gold pieces.

Inventory:

Hand Weapons
 a - a +0 hand axe (weapon)
Missiles
 g - 3 boomerangs (quivered)
Armour
 b - a +0 robe (worn)
 d - an orb of light (worn)
Jewellery
 f - an amulet of faith
Scrolls
 e - a scroll of silence {unknown}
 h - a scroll of noise {unknown}
 i - a scroll of blinking {unknown}
 j - a scroll of identify {unknown}
Potions
 c - a potion of ambrosia
 k - a potion of mutation {unknown}


   Skills:
 + Level 4.3 Fighting
 + Level 4.8 Axes
 + Level 1.8 Armour
 + Level 2.9 Dodging


You had 3 spell levels left.
You didn't know any spells.
Your spell library was empty.

Dungeon Overview and Level Annotations

Branches:
Dungeon (2/15)

Altars:

Shops:
D:1 ?


Message History

You now have 76 gold pieces (gained 11).
A quokka comes into view.
A quokka is nearby!
The quokka twitches its whiskers.
A dart slug comes into view.
Found a stone staircase leading up.
The quokka bites you.
You closely miss the quokka. The quokka completely misses you.
You hit the quokka.
The quokka is moderately wounded.
The quokka barely misses you. The quokka bites you.
You hit the quokka.
The quokka is severely wounded.
The quokka barely misses you.
You hit the quokka.
You kill the quokka!
Found a runed spear.
You see here a quokka corpse.
A frilled lizard comes into view.
The dart slug launches a dart at you. The slug dart hits you.
You hit the dart slug.
The dart slug is heavily wounded.
The dart slug launches a dart at you. The slug dart misses you.
You hit the dart slug but do no damage.
The dart slug is heavily wounded.
The dart slug barely misses you.
You hit the dart slug.
The dart slug is severely wounded.
You hit the dart slug but do no damage.
The dart slug is severely wounded.
The dart slug bites you.
You hit the dart slug.
You kill the dart slug!
You hit the frilled lizard.
You kill the frilled lizard!
You see here a frilled lizard corpse.
There is a stone staircase leading up here.
You see here a +5 spear.
Are you sure you want to abandon this character and quit the game? (Confirm with "yes".)

# #.
##.######
#.......#
###.......#
#.........#
#......@..#
#.......<.#
#........##
#........#
#........#
#......††#
####+###.#
#.# #†# #.#
#.#


There were no monsters in sight!

Vanquished Creatures
  4 gnolls
  2 dart slugs
  2 ball pythons (D:1)
  4 bats (D:1)
  An endoplasm (D:1)
  2 giant cockroaches (D:2)
  3 hobgoblins
  4 kobolds (D:1)
  2 quokkas
  3 frilled lizards
  A goblin (D:1)
  A rat (D:1)
29 creatures vanquished.

Notes
Turn   | Place    | Note
-------+----------+-------------------------------------------
     0 | D:1      | voltaire321 the Hill Orc Monk began the quest for the Orb.
     0 | D:1      | Reached XP level 1. HP: 19/19 MP: 1/1
   127 | D:1      | Reached XP level 2. HP: 23/27 MP: 2/2
   180 | D:1      | Reached skill level 1 in Armour
   236 | D:1      | Found Rysegg's Magic Scroll Shoppe.
   865 | D:2      | Reached XP level 3. HP: 12/33 MP: 3/3
   869 | D:1      | HP: 1/33 [gnoll/+0 whip (4)]
  1012 | D:2      | Reached XP level 4. HP: 16/40 MP: 4/4
  1227 | D:2      | Quit the game

Illustrated notes

Levels and vault maps discovered:
D:1:      dpeg_arrival_connections, layout_basic, serial_shops,
          nicolae_shop_tiny_statue_garden, bh_walls_and_bars
D:2:      layout_basic

Skill      XL: |  1  2 |
---------------+-------+-----
Armour         | 1 |  1.8
Fighting       | 4 |  4.3
Axes           | |  4.8
Dodging        | |  2.9

Action                     |  1- 3 |  4- 6 || total
---------------------------+-------+-------++-------
  Melee: Hand axe          |    68 |    23 ||    91
 Armour: Robe              |    13 |     2 ||    15
  Dodge: Dodged            |    57 |    12 ||    69

Table legend: (Time is in decaauts)
 A = Elapsed time spent in this place.
 B = Non-inter-level travel time spent in this place.
 C = Inter-level travel time spent in this place.
 D = Time resting spent in this place.
 E = Time spent auto-exploring this place.
 F = Levels seen in this place.
 G = Mean time per level.
                   A        B        C        D        E       F      G
               +--------+--------+--------+--------+--------+-----+--------+
         Total |   1235 |   1207 |     28 |    218 |    755 |   2 |  617.5 |
       Dungeon |   1235 |   1207 |     28 |    218 |    755 |   2 |  617.5 |
               +--------+--------+--------+--------+--------+-----+--------+

Top non-repeatable levels by time:
     D:1: 997 daAuts
     D:2: 238 daAuts
